General information
- name: BNet
- type: Ladder team game (AT/RT)
- host: Battle.net
- saver: Iscariot
map: MarketSquare
- players: 8
- length: 42:06
- speed: Fast
- version: 1.26 W3XP
- replay type: Public
» download(273 KB)
Players
team 1 (winner)

»
4G.CRYFOR)EPICA (
orange | 117 APM | 4912 actions | 42:06)
8 Death Knight
3 Death Coil
3 Unholy Aura
1 Animate Dead
1 Death Pact
6 Lich
3 Frost Nova
2 Frost Armor
1 Death and Decay
» actions
| Assign group hotkey | 28 | |
| Basic commands | 1 | |
| Build / train | 135 | |
| Enter build submenu | 33 | |
| Enter hero's abilities submenu | 14 | |
| Give item / drop item | 3 | |
| Remove unit from queue | 2 | |
| Right click | 1716 | |
| Select / deselect | 629 | |
| Select group hotkey | 2163 | |
| Use ability | 188 | |
4912 total
» units
| Acolyte | 34 | |
| Ghoul | 5 | |
| Crypt Fiend | 30 | |
| Obsidian Statue | 3 | |
| Meatwagon | 3 | |
75 total
» upgrades
| Creature Carapace | 3 | |
| Creature Attack | 3 | |
| Web | 1 | |
| Burrow | 1 | |
| Destroyer Form | 1 | |
| Unholy Strength | 1 | |
10 total
» buildings
| Graveyard | 2 | |
| Crypt | 1 | |
| Altar of Darkness | 1 | |
| Ziggurat | 13 | |
| Tomb of Relics | 1 | |
| Nerubian Tower | 1 | |
| Halls of the Dead | 1 | |
| Black Citadel | 1 | |
| Slaughterhouse | 2 | |
| Spirit Tower | 3 | |
| Necropolis | 3 | |
29 total
» build order
00:13 Graveyard
00:16 Graveyard
00:18 Crypt
00:42 Altar of Darkness
01:02 Ziggurat
01:15 Tomb of Relics
02:02 Ziggurat
02:46 Nerubian Tower
03:36 Ziggurat
04:59 Halls of the Dead
07:23 Black Citadel
07:26 Ziggurat
09:25 Slaughterhouse
15:03 Ziggurat
15:04 Spirit Tower
20:02 Spirit Tower
20:03 Ziggurat
28:52 Necropolis
29:06 Ziggurat
29:06 Ziggurat
30:05 Spirit Tower
30:07 Ziggurat
31:15 Spirit Tower
32:25 Slaughterhouse
32:29 Ziggurat
33:28 Necropolis
33:44 Necropolis
39:46 Ziggurat
39:47 Ziggurat
» items
| Rod of Necromancy | 1 | |
| Dust of Appearance | 4 | |
| Scroll of Town Portal | 7 | |
| Potion of Lesser Invulnerability | 1 | |
| Orb of Corruption | 3 | |
| Potion of Healing | 3 | |
| Scroll of Healing | 3 | |
| Scroll of Protection | 1 | |
| Potion of Mana | 3 | |
26 total

»
AUDUSD (
blue | 72 APM | 3050 actions | 42:06)
5 Death Knight
3 Death Coil
2 Unholy Aura
6 Crypt Lord
3 Impale
2 Spiked Carapace
1 Locust Swarm
» actions
| Assign group hotkey | 69 | |
| Basic commands | 113 | |
| Build / train | 91 | |
| ESC pressed | 6 | |
| Enter build submenu | 25 | |
| Enter hero's abilities submenu | 11 | |
| Give item / drop item | 2 | |
| Right click | 803 | |
| Select / deselect | 478 | |
| Select group hotkey | 1332 | |
| Use ability | 120 | |
3050 total
» units
| Acolyte | 9 | |
| Ghoul | 4 | |
| Crypt Fiend | 21 | |
| Obsidian Statue | 5 | |
| Banshee | 1 | |
40 total
» upgrades
| Web | 1 | |
| Creature Carapace | 3 | |
| Creature Attack | 3 | |
| Banshee Training | 1 | |
| Destroyer Form | 1 | |
| Burrow | 1 | |
10 total
» buildings
| Graveyard | 1 | |
| Crypt | 1 | |
| Altar of Darkness | 1 | |
| Ziggurat | 8 | |
| Tomb of Relics | 1 | |
| Halls of the Dead | 1 | |
| Necropolis | 1 | |
| Nerubian Tower | 2 | |
| Slaughterhouse | 1 | |
| Black Citadel | 2 | |
| Temple of the Damned | 2 | |
| Sacrificial Pit | 1 | |
| Spirit Tower | 1 | |
23 total
» build order
00:56 Graveyard
00:59 Crypt
01:06 Altar of Darkness
01:10 Ziggurat
01:19 Ziggurat
01:35 Tomb of Relics
03:16 Ziggurat
03:58 Halls of the Dead
07:13 Ziggurat
07:15 Ziggurat
07:27 Necropolis
09:14 Nerubian Tower
09:33 Slaughterhouse
09:42 Nerubian Tower
10:55 Black Citadel
10:55 Black Citadel
11:01 Temple of the Damned
11:02 Ziggurat
11:46 Ziggurat
11:57 Temple of the Damned
13:39 Ziggurat
14:30 Sacrificial Pit
21:13 Spirit Tower
» items
| Rod of Necromancy | 2 | |
| Sacrificial Skull | 2 | |
| Circlet of Nobility | 2 | |
| Scroll of Town Portal | 7 | |
| Periapt of Vitality | 1 | |
| Scroll of Protection | 1 | |
| Orb of Fire | 1 | |
| Orb of Corruption | 1 | |
17 total
Komucap (
purple | 36 APM | 1527 actions | 42:06)
5 Blademaster
3 Mirror Image
2 Critical Strike
5 Shadow Hunter
3 Hex
1 Healing Wave
1 Serpent Ward
5 Far Seer
3 Feral Spirit
2 Chain Lighting
» actions
| Assign group hotkey | 47 | |
| Build / train | 73 | |
| Enter build submenu | 24 | |
| Enter hero's abilities submenu | 15 | |
| Give item / drop item | 1 | |
| Remove unit from queue | 1 | |
| Right click | 432 | |
| Select / deselect | 508 | |
| Select group hotkey | 265 | |
| Use ability | 161 | |
1527 total
» units
| Peon | 11 | |
| Grunt | 5 | |
| Troll Witch Doctor | 6 | |
| Shaman | 6 | |
| Tauren | 4 | |
| Forest Troll High Priest | 1 | |
| Spirit Walker | 4 | |
37 total
» upgrades
| Pillage | 1 | |
| Witch Doctor Training | 2 | |
| Shaman Training | 2 | |
| Melee Weapons | 1 | |
| Reinforced Defenses | 1 | |
| Pulverize | 1 | |
| Spirit Walker Training | 2 | |
| Spiked Barricades | 1 | |
11 total
» buildings
| Orc Burrow | 6 | |
| Altar of Storms | 1 | |
| Barracks | 1 | |
| War Mill | 1 | |
| Stronghold | 1 | |
| Spirit Lodge | 2 | |
| Fortress | 1 | |
| Tauren Totem | 1 | |
| Watch Tower | 5 | |
| Voodoo Lounge | 1 | |
| Great Hall | 3 | |
23 total
» build order
00:09 Orc Burrow
00:14 Altar of Storms
00:39 Barracks
01:39 Orc Burrow
02:36 Orc Burrow
03:42 War Mill
04:09 Stronghold
06:53 Spirit Lodge
06:58 Spirit Lodge
06:59 Fortress
09:06 Orc Burrow
09:35 Tauren Totem
09:40 Watch Tower
10:05 Orc Burrow
11:25 Orc Burrow
11:43 Voodoo Lounge
19:43 Great Hall
21:09 Watch Tower
27:34 Watch Tower
27:42 Watch Tower
28:44 Watch Tower
30:19 Great Hall
30:38 Great Hall
» items
| Boots of Speed | 1 | |
| Scroll of Protection | 1 | |
| Potion of Lesser Invulnerability | 1 | |
| Scroll of Town Portal | 1 | |
| Orb of Lightning | 1 | |
5 total

»
TruBelieber (
teal | 26 APM | 1096 actions | 42:06)
5 Paladin
3 Holy Light
2 Divine Shield
4 Mountain King
2 Storm Bolt
2 Bash
» actions
| Assign group hotkey | 24 | |
| Build / train | 77 | |
| Enter build submenu | 17 | |
| Enter hero's abilities submenu | 9 | |
| Give item / drop item | 1 | |
| Remove unit from queue | 1 | |
| Right click | 262 | |
| Select / deselect | 263 | |
| Select group hotkey | 338 | |
| Use ability | 104 | |
1096 total
» units
| Peasant | 16 | |
| Footman | 6 | |
| Dragonhawk Rider | 13 | |
| Gryphon Rider | 4 | |
| Knight | 2 | |
41 total
» upgrades
| Swords | 3 | |
| Armor | 3 | |
| Masonry | 2 | |
| Defend | 1 | |
| Lumber Harvesting | 1 | |
| Cloud | 1 | |
| Animal War Training | 1 | |
12 total
» buildings
| Altar of Kings | 1 | |
| Farm | 9 | |
| Barracks | 1 | |
| Blacksmith | 1 | |
| Scout Tower | 3 | |
| Lumber Mill | 1 | |
| Arcane Tower | 2 | |
| Arcane Vault | 1 | |
| Keep | 1 | |
| Guard Tower | 1 | |
| Castle | 1 | |
| Gryphon Aviary | 3 | |
| Town Hall | 2 | |
27 total
» build order
00:08 Altar of Kings
00:23 Farm
00:24 Farm
00:53 Barracks
01:49 Blacksmith
02:05 Scout Tower
02:12 Lumber Mill
02:33 Farm
02:34 Farm
02:39 Arcane Tower
03:36 Arcane Vault
04:51 Keep
05:05 Scout Tower
05:06 Scout Tower
05:47 Guard Tower
06:04 Farm
06:06 Farm
06:07 Farm
06:48 Arcane Tower
07:19 Castle
07:23 Gryphon Aviary
07:25 Gryphon Aviary
08:01 Gryphon Aviary
11:56 Farm
11:57 Farm
27:37 Town Hall
35:50 Town Hall
» items
| Scroll of Regeneration | 3 | |
| Lesser Clarity Potion | 1 | |
| Scroll of Town Portal | 3 | |
| Orb of Lightning | 1 | |
8 total
team 2 (loser)
Per(S)euS- (
green | 37 APM | 1420 actions | 38:16)
7 Death Knight
3 Death Coil
2 Unholy Aura
1 Death Pact
1 Animate Dead
3 Lich
1 Frost Nova
2 Frost Armor
1 Naga Sea Witch
1 Frost Arrows
» actions
| Assign group hotkey | 41 | |
| Build / train | 75 | |
| Enter build submenu | 25 | |
| Enter hero's abilities submenu | 11 | |
| Give item / drop item | 1 | |
| Remove unit from queue | 5 | |
| Right click | 747 | |
| Select / deselect | 393 | |
| Select group hotkey | 40 | |
| Use ability | 82 | |
1420 total
» units
| Acolyte | 7 | |
| Ghoul | 3 | |
| Crypt Fiend | 15 | |
| Frost Wyrm | 9 | |
34 total
» upgrades
| Creature Carapace | 3 | |
| Creature Attack | 3 | |
| Web | 1 | |
7 total
» buildings
| Crypt | 3 | |
| Graveyard | 2 | |
| Altar of Darkness | 1 | |
| Ziggurat | 9 | |
| Tomb of Relics | 1 | |
| Halls of the Dead | 1 | |
| Black Citadel | 1 | |
| Sacrificial Pit | 1 | |
| Boneyard | 3 | |
| Spirit Tower | 1 | |
| Nerubian Tower | 1 | |
24 total
» build order
00:46 Crypt
00:48 Crypt
00:55 Graveyard
00:57 Altar of Darkness
01:04 Ziggurat
01:35 Crypt
01:38 Tomb of Relics
02:12 Ziggurat
02:52 Ziggurat
05:36 Halls of the Dead
06:18 Ziggurat
06:26 Ziggurat
08:29 Black Citadel
08:32 Sacrificial Pit
09:20 Ziggurat
09:24 Graveyard
09:58 Ziggurat
09:58 Ziggurat
10:01 Ziggurat
10:55 Boneyard
10:56 Boneyard
12:42 Boneyard
20:29 Spirit Tower
21:20 Nerubian Tower
» items
| Rod of Necromancy | 2 | |
| Scroll of Town Portal | 7 | |
| Potion of Mana | 1 | |
| Potion of Healing | 1 | |
11 total

»
worst.at.wc3 (
red | 52 APM | 1976 actions | 38:20)
5 Archmage
3 Summon Water Elemental
2 Brilliance Aura
4 Mountain King
2 Storm Bolt
2 Bash
3 Paladin
1 Divine Shield
2 Holy Light
» actions
| Basic commands | 82 | |
| Build / train | 106 | |
| Enter build submenu | 26 | |
| Enter hero's abilities submenu | 13 | |
| Give item / drop item | 4 | |
| Right click | 1065 | |
| Select / deselect | 558 | |
| Use ability | 122 | |
1976 total
» units
| Peasant | 24 | |
| Rifleman | 16 | |
| Dragonhawk Rider | 2 | |
| Gryphon Rider | 4 | |
| Footman | 8 | |
54 total
» upgrades
| Gunpowder | 2 | |
| Armor | 2 | |
| Long Rifles | 1 | |
| Masonry | 2 | |
| Swords | 2 | |
| Animal War Training | 1 | |
| Lumber Harvesting | 1 | |
| Cloud | 1 | |
| Storm Hammers | 1 | |
13 total
» buildings
| Farm | 12 | |
| Blacksmith | 2 | |
| Altar of Kings | 2 | |
| Barracks | 1 | |
| Scout Tower | 9 | |
| Keep | 1 | |
| Lumber Mill | 1 | |
| Arcane Vault | 1 | |
| Arcane Tower | 2 | |
| Town Hall | 2 | |
| Castle | 1 | |
| Guard Tower | 2 | |
| Gryphon Aviary | 2 | |
38 total
» build order
00:51 Farm
01:09 Blacksmith
01:16 Altar of Kings
01:23 Blacksmith
01:27 Farm
01:41 Barracks
02:01 Farm
02:05 Farm
02:06 Farm
02:24 Scout Tower
03:24 Farm
04:26 Keep
04:29 Lumber Mill
05:08 Arcane Vault
05:13 Arcane Tower
05:47 Farm
06:40 Town Hall
06:41 Scout Tower
06:42 Scout Tower
06:42 Scout Tower
09:33 Town Hall
10:35 Castle
10:40 Scout Tower
10:41 Scout Tower
10:41 Scout Tower
10:42 Scout Tower
12:22 Arcane Tower
12:24 Guard Tower
12:28 Guard Tower
12:53 Gryphon Aviary
12:59 Gryphon Aviary
14:03 Farm
14:06 Farm
15:32 Altar of Kings
15:42 Farm
15:42 Farm
15:43 Farm
» items
| Potion of Healing | 1 | |
| Scroll of Regeneration | 6 | |
| Scroll of Town Portal | 4 | |
| Lesser Clarity Potion | 1 | |
| Boots of Speed | 1 | |
13 total

»
Opex (
pink | 35 APM | 1075 actions | 31:06)
4 Mountain King
2 Storm Bolt
2 Bash
4 Paladin
2 Holy Light
2 Divine Shield
» actions
| Assign group hotkey | 19 | |
| Basic commands | 98 | |
| Build / train | 76 | |
| Enter build submenu | 24 | |
| Enter hero's abilities submenu | 8 | |
| Give item / drop item | 4 | |
| Right click | 368 | |
| Select / deselect | 212 | |
| Select group hotkey | 158 | |
| Use ability | 107 | |
1075 total
» units
» upgrades
| Defend | 1 | |
| Masonry | 2 | |
| Plating | 3 | |
| Swords | 3 | |
| Animal War Training | 1 | |
| Backpack | 1 | |
| Lumber Harvesting | 1 | |
12 total
» buildings
| Altar of Kings | 2 | |
| Barracks | 2 | |
| Farm | 16 | |
| Scout Tower | 2 | |
| Arcane Tower | 1 | |
| Lumber Mill | 2 | |
| Keep | 1 | |
| Blacksmith | 1 | |
| Guard Tower | 1 | |
| Arcane Vault | 2 | |
| Castle | 1 | |
| Town Hall | 1 | |
32 total
» build order
00:12 Altar of Kings
00:18 Barracks
00:29 Farm
00:58 Farm
01:33 Farm
01:53 Scout Tower
02:21 Arcane Tower
03:13 Farm
03:19 Lumber Mill
03:41 Keep
04:42 Scout Tower
04:46 Lumber Mill
05:07 Blacksmith
05:11 Guard Tower
05:19 Arcane Vault
06:18 Castle
06:47 Farm
07:36 Barracks
08:56 Farm
09:02 Farm
09:33 Farm
09:35 Farm
13:20 Farm
13:22 Farm
13:23 Farm
13:24 Farm
13:24 Farm
13:25 Farm
13:25 Farm
20:59 Town Hall
26:03 Altar of Kings
28:15 Arcane Vault
» items
| Scroll of Regeneration | 3 | |
| Scroll of Town Portal | 4 | |
| Orb of Fire | 2 | |
| Potion of Healing | 4 | |
| Lesser Clarity Potion | 3 | |
| Ivory Tower | 3 | |
| Healing Salve | 1 | |
| Orb of Lightning | 1 | |
21 total
Iscariot (
yellow | 66 APM | 2773 actions | 42:06)
10 Blademaster
3 Wind Walk
3 Critical Strike
1 Bladestorm
3 Mirror Image
» actions
| Assign group hotkey | 32 | |
| Basic commands | 16 | |
| Build / train | 93 | |
| Enter build submenu | 26 | |
| Enter hero's abilities submenu | 10 | |
| Give item / drop item | 4 | |
| Remove unit from queue | 1 | |
| Right click | 1614 | |
| Select / deselect | 332 | |
| Select group hotkey | 439 | |
| Use ability | 206 | |
2773 total
» units
| Peon | 16 | |
| Grunt | 6 | |
| Troll Batrider | 26 | |
| Troll Witch Doctor | 1 | |
49 total
» upgrades
| Ranged Weapons | 3 | |
| Reinforced Defenses | 1 | |
| Troll Regeneration | 1 | |
| Armor | 2 | |
| Liquid Fire | 1 | |
8 total
» buildings
| Orc Burrow | 3 | |
| Altar of Storms | 1 | |
| Barracks | 1 | |
| Voodoo Lounge | 1 | |
| Stronghold | 3 | |
| War Mill | 2 | |
| Great Hall | 1 | |
| Watch Tower | 11 | |
| Beastiary | 2 | |
| Fortress | 1 | |
| Spirit Lodge | 1 | |
27 total
» build order
00:14 Orc Burrow
01:06 Orc Burrow
01:10 Altar of Storms
01:12 Barracks
02:04 Voodoo Lounge
02:50 Stronghold
02:50 Stronghold
03:58 War Mill
04:39 Orc Burrow
06:02 Great Hall
06:57 Watch Tower
06:57 Watch Tower
06:57 Watch Tower
06:58 Watch Tower
07:11 Beastiary
07:12 Beastiary
08:01 Watch Tower
08:03 Watch Tower
08:05 Watch Tower
08:06 Watch Tower
10:24 Fortress
10:29 Watch Tower
10:30 Watch Tower
10:36 Watch Tower
18:56 Spirit Lodge
28:06 War Mill
» items
| Healing Salve | 2 | |
| Staff of Teleportation | 1 | |
| Periapt of Vitality | 2 | |
| Scroll of Town Portal | 6 | |
| Orb of Corruption | 1 | |
| Potion of Healing | 1 | |
| Potion of Mana | 2 | |
| Lesser Clarity Potion | 1 | |
| Dust of Appearance | 1 | |
17 total
Chat log
(00:39 / Allies) Opex: knights
(06:18 / Allies) worst.at.wc3: bm
(07:12 / Allies) Opex: we let them creep it
(07:20 / Allies) worst.at.wc3: u giys did
(07:21 / Allies) worst.at.wc3: i tried
(07:21 / Allies) Iscariot: I got hte tome
(07:23 / Allies) Iscariot: and creep
(07:29 / Allies) Per(S)euS-: creep the
(07:45 / Allies) Per(S)euS-: outsides
(07:47 / Allies) Per(S)euS-: have better items
(07:54 / Allies) Opex: i got
(08:38 / All) Iscariot: shadow hunter faggot!!!!!11
(09:20 / Allies) Opex: thx
(11:00 / Allies) Opex: rdy to hit?
(12:20 / Allies) Per(S)euS-: spare gold
(12:22 / Allies) Per(S)euS-: for wyrms
(12:40 / Allies) Opex: meet up
(13:00 / Allies) Per(S)euS-: meet
(13:20 / Allies) Iscariot: lumbeR?
(13:33 / Allies) Per(S)euS-: check expos
(13:40 / All) 4G.CRYFOR)EPICA: so you hack perseus?
(13:48 / All) AUDUSD: that is for sure
(13:51 / All) 4G.CRYFOR)EPICA: good to know
(13:57 / All) Per(S)euS-: checking expos
(13:59 / All) 4G.CRYFOR)EPICA: you are now on shit player list
(14:13 / All) worst.at.wc3: lol were all here
(14:15 / Allies) Iscariot: looks like they're hitting pink
(16:42 / Allies) worst.at.wc3: b
(16:53 / Allies) Per(S)euS-: blues hero
(17:29 / Allies) worst.at.wc3: damn u lost it all pink =/
(17:36 / Allies) worst.at.wc3: we might not beable to defend you
(17:38 / Allies) Iscariot: they're hitting pink
(17:40 / Allies) Opex: they pimping again
(18:13 / Allies) Per(S)euS-: tp guys
(18:28 / Allies) worst.at.wc3: ggg
(18:47 / Allies) worst.at.wc3: no help
(18:49 / Allies) worst.at.wc3: at all
(18:51 / Allies) worst.at.wc3: rofl
(18:56 / Allies) worst.at.wc3: gf my 100/100 army
(19:16 / Allies) worst.at.wc3: why yall sit back
(19:17 / Allies) worst.at.wc3: and wait
(19:20 / Allies) worst.at.wc3: srsly
(19:24 / Allies) Per(S)euS-: pink checked bottom expo
(19:27 / Allies) Per(S)euS-: i
(19:28 / All) 4G.CRYFOR)EPICA: no need
(19:33 / Allies) Per(S)euS-: Pink checked bottom expo
(19:33 / All) 4G.CRYFOR)EPICA: you are shit player now
(19:35 / All) 4G.CRYFOR)EPICA: Sorry.
(19:38 / All) Per(S)euS-: pink checked bottom expo
(19:43 / All) Per(S)euS-: i took the next one over
(19:44 / All) worst.at.wc3: he is a shit player
(19:46 / All) worst.at.wc3: my whole team is
(19:50 / All) 4G.CRYFOR)EPICA: i'm not dumb i play this for years
(19:55 / All) 4G.CRYFOR)EPICA: as long as you think
(20:04 / All) Per(S)euS-: just check it
(20:07 / All) worst.at.wc3: they all fuckin sit back
(20:10 / All) worst.at.wc3: and watch allies die
(20:14 / All) Per(S)euS-: gg
(20:18 / All) 4G.CRYFOR)EPICA: gg
(20:21 / Allies) Iscariot: upgarde zigs
(20:49 / Allies) Opex: gold for expo?
(20:50 / Allies) Iscariot: they have no gold
(21:10 / Allies) Opex: thx
(21:23 / Allies) worst.at.wc3: dont res me
(21:24 / Allies) worst.at.wc3: i quit
(21:41 / Allies) Per(S)euS-: we had this game won red
(21:46 / Allies) worst.at.wc3: blow me
(21:55 / All) worst.at.wc3: pointless lol
(21:57 / All) worst.at.wc3: i tkd myself
(22:05 / Allies) Per(S)euS-: cause ur fuckin retarded
(22:41 / Allies) Opex: kill stat
(23:56 / All) Per(S)euS-: reds the fuck up here
(23:59 / All) Per(S)euS-: we had this game
(24:12 / All) worst.at.wc3: play like a team player or dont play team games
(24:22 / All) 4G.CRYFOR)EPICA: orc is on shit list too
(24:25 / All) worst.at.wc3: i rather tk myself then play on ur team another second
(24:39 / Allies) Iscariot: I should ahve got more towers wtf am I thinking
(25:00 / All) worst.at.wc3: dont worry yellow
(25:02 / Allies) Per(S)euS-: getting ready to tp
(25:03 / All) worst.at.wc3: green will let u die to
(25:18 / Allies) Per(S)euS-: go
(25:47 / All) worst.at.wc3: focus hero instead of feiwnds
(25:50 / All) worst.at.wc3: smooth move
(26:08 / All) worst.at.wc3: that was rather anti clamatic
(26:27 / Allies) Per(S)euS-: yellow massing old man
(26:38 / Allies) Opex: 7k for yellow
(26:40 / Allies) Per(S)euS-: give gold yellow
(26:53 / Allies) Opex: it was 3v4
(26:59 / Allies) Per(S)euS-: 2v4
(27:03 / Allies) Per(S)euS-: red ant done shit
(27:05 / Allies) worst.at.wc3: lol
(27:14 / Allies) worst.at.wc3: u guys all sat back and watched
(27:20 / Allies) worst.at.wc3: my 100/100 3-3-3-3 army die
(27:24 / All) Iscariot: now pink and green think it was 2v4
(27:29 / Allies) Per(S)euS-: it was suide man
(27:34 / All) Iscariot: I haven't done anything but deny expos, feed and use bats
(27:35 / Allies) worst.at.wc3: if u woulda helped
(27:36 / Allies) Per(S)euS-: no
(27:37 / Allies) worst.at.wc3: it was gg
(27:40 / Allies) Per(S)euS-: yellow u did good
(27:44 / All) 4G.CRYFOR)EPICA: Iscariot
(27:45 / Allies) Per(S)euS-: with hero
(27:50 / All) 4G.CRYFOR)EPICA: you're on shit list
(27:51 / Allies) Per(S)euS-: need caster though
(27:52 / All) 4G.CRYFOR)EPICA: (hack)
(28:15 / All) 4G.CRYFOR)EPICA: so, don't talk like you're a player
(28:16 / All) 4G.CRYFOR)EPICA: of this game
(28:20 / All) 4G.CRYFOR)EPICA: cuz you arnt
(28:23 / All) Iscariot: me?
(28:43 / All) 4G.CRYFOR)EPICA: no, you fuckin mom
(28:49 / All) Iscariot: lawl
(29:25 / All) Iscariot: right before I was gonna mass teowers
(29:33 / Allies) worst.at.wc3: focous his shaman yellow
(29:42 / Allies) worst.at.wc3: with towers
(29:58 / Allies) Per(S)euS-: opex build
(30:07 / Allies) worst.at.wc3: some knights
(30:10 / Allies) worst.at.wc3: hes afk
(31:03 / All) Opex: :P
(33:42 / All) Iscariot: dk
(33:43 / Allies) Iscariot: dk
(33:44 / Allies) worst.at.wc3: dk
(34:03 / All) Per(S)euS-: that ghoul cost u
(36:01 / Allies) Per(S)euS-: gold for hero yellow?
(36:17 / All) Iscariot: If I had more than 3 fucking towers man
(36:19 / All) Iscariot: god that was dumb
(38:09 / All) Per(S)euS-: gg
(38:17 / Allies) Iscariot: shoulda tped out bro
(38:17 / Allies) Iscariot: wtf
(38:37 / All) Iscariot: I wonder if he even bought a tp
(38:47 / All) 4G.CRYFOR)EPICA: Go play tibia
(39:35 / All) Iscariot: he has a fucking wyrm in the bottom right corner